 Dungeon Crawl Stone Soup version 0.24.1-14-gf8d2b50 (webtiles) character file.

Game seed: 11866602510860084065, levelgen mode: deterministic

21437 shmeve the Blocker (level 12, -3/112 HPs)
             Began as a Minotaur Berserker on June 14, 2020.
             Was a High Priest of Trog.
             Slain by a tentacled starspawn (4 damage)
             ... on level 1 of the Abyss.
             The game lasted 00:22:41 (12923 turns).

shmeve the Blocker (Minotaur Berserker)            Turns: 12923, Time: 00:22:43

Health: -3/112     AC:  9    Str: 20      XL:     12   Next: 54%
Magic:  8/8        EV:  5    Int:  5      God:    Trog [*****.]
Gold:   408        SH: 18    Dex:  7 (8)  Spells: 11/11 levels left

rFire    + . .     SeeInvis .   H - +0 broad axe (chop)
rCold    . . .     Gourm    .   p - +0 large shield
rNeg     + . .     Faith    .   k - +0 chain mail
rPois    .         Spirit   .   (helmet restricted)
rElec    .         Reflect  .   A - +0 cloak
rCorr    .         Harm     .   s - +0 pair of gloves (curse)
MR       .....     Rnd*Rage +   (no boots) Stlth ..........Rnd*Tele +
                                (no amulet)
HPRegen  0.28/turn              h - ring of positive energy
MPRegen  0.11/turn              m - ring of protection from fire

@: about to teleport, constricted
A: retaliatory headbutt, horns 2, [berserk 2], [clumsy 2], [deformed body],
[deterioration 2], [low mp 2], [screaming 2], [teleportitis 2], [weak 2], [no
potion heal 2], [subdued magic 2]
a: Berserk, Trog's Hand, Brothers in Arms, Renounce Religion


You were on level 1 of the Abyss.
You worshipped Trog.
Trog was extremely pleased with you.
You were not hungry.

You visited 2 branches of the dungeon, and saw 12 of its levels.
You visited the Abyss 1 time.

You collected 528 gold pieces.
You spent 120 gold pieces at shops.

Inventory:

Hand Weapons
 H - a +0 broad axe of chopping (weapon)
Armour
 k - a +0 chain mail (worn)
 p - a +0 large shield (worn)
 s - a cursed +0 pair of gloves (worn)
 A - a +0 cloak (worn)
Jewellery
 h - a ring of positive energy (left hand)
 m - a ring of protection from fire (right hand)
 z - an uncursed ring of protection from cold
Scrolls
 b - 3 scrolls of enchant weapon {unknown}
 d - a scroll of holy word {unknown}
 f - 9 scrolls of identify
 j - a scroll of vulnerability {unknown}
 q - 6 scrolls of teleportation
 u - 2 scrolls of remove curse
 x - 2 scrolls of blinking {unknown}
 y - 3 scrolls of amnesia {unknown}
 E - 4 scrolls of noise {unknown}
 G - a scroll of random uselessness {unknown}
 I - 2 scrolls of fear {unknown}
Potions
 a - a potion of might
 e - 5 potions of heal wounds {unknown}
 g - 3 potions of invisibility {unknown}
 i - 5 potions of flight {unknown}
 l - 5 potions of curing {unknown}
 n - 6 potions of lignification {unknown}
 o - a potion of berserk rage {unknown}
 r - 3 potions of brilliance {unknown}
 v - a potion of magic {unknown}
 w - 2 potions of degeneration {unknown}
 C - a potion of resistance {unknown}
 D - a potion of mutation {unknown}
Comestibles
 c - 23 rations


   Skills:
 * Level 11.9 Fighting
 * Level 11.9 Axes
 + Level 6.8 Throwing
 + Level 8.5 Armour
 + Level 7.9 Dodging
 * Level 12.8 Shields


You had 11 spell levels left.
You didn't know any spells.
Your spell library was empty.

Dungeon Overview and Level Annotations

Branches:
Dungeon (11/15)            Temple (1/1) D:4            Lair (0/6) D:10
    Orc: D:9-12

Altars:
Okawaru
Vehumet
Xom

Shops:
D:4 [   D:5 ?   D:11 [

Annotations:
D:11 Sonja


Innate Abilities, Weirdness & Mutations

You reflexively headbutt those who attack you in melee.
You have a pair of horns on your head.
[You often lose your temper in combat.]
[You are very clumsy. (Dex -4)]
[Armour fits poorly on your strangely shaped body.]
[Your body often deteriorates upon taking damage.]
[Your magical capacity is very low. (-20% MP)]
[You sometimes yell uncontrollably at your foes.]
[You are sometimes teleported next to monsters.]
[You are very weak. (Str -4)]
[Potions are poor at restoring your health.]
[Your spells are easier to cast, but less powerful.]


Message History

You hit the starspawn tentacle but do no damage.
The tentacled starspawn bites you! The tentacled starspawn engulfs you!
* * * LOW HITPOINT WARNING * * *
Your body deteriorates!
You feel clumsy.
You block the starspawn tentacle's attack.
The starspawn tentacle grabs you.
* * * LOW HITPOINT WARNING * * *
The starspawn tentacle constricts you. The tentacled starspawn bites you!
* * * LOW HITPOINT WARNING * * *
The tentacled starspawn engulfs you.
* * * LOW HITPOINT WARNING * * *
Unknown command.
As you read the scroll of teleportation, it crumbles to dust.
You feel strangely unstable.
You feel the power of the Abyss delaying your translocation!
* * * LOW HITPOINT WARNING * * *
The starspawn tentacle constricts you.
You block the tentacled starspawn's attack.
The tentacled starspawn engulfs you.
You die...

## ... ≈ ..#
# ≈ ♣≈≈#..#.
. #≈ #.#.
.#. . # .#..
. . #
#≈..#.w###.#
.#
≈≈#..X@.## .
# .
.≈≈♣≈##.w###
..# ....≈≈
#.... # ...#
.≈≈##...#
..# # .
#≈#..# ....
.≈ §≈##.. #
. . .. ≈≈
≈≈#....
...≈≈≈ . #
....#.≈ ≈ ≈
. #


You could see a tentacled starspawn and 2 starspawn tentacles.

Vanquished Creatures
  Josephine (D:11)
  Erolcha (D:9)
  2 two-headed ogres
  A thrashing horror (Abyss:1)
  2 wretched stars (Abyss:1)
  An unseen horror (D:11)
  An ugly thing (D:11)
  Joseph (D:8)
  Maurice (D:9)
  2 gargoyles
  A komodo dragon (D:10)
  A troll (D:9)
  5 hippogriffs
  Sigmund (D:2)
  9 wraiths
  The ghost of khdinoboy the Ruffian, an amateur TrFi (D:3)
  10 yaks
  A human (D:8)
  The ghost of Ludicrosity the Chopper, an amateur MiMo (D:3)
  4 hogs (D:8)
  3 wyverns (D:10)
  5 hungry ghosts
  2 steam dragons
  A basilisk (D:10)
  A soldier ant (D:11)
  Menkaure (D:6)
  The ghost of Icepheonix32 the Gusty, an amateur TeAE (D:3)
  An acid dragon (D:10)
  4 sky beasts
  A small abomination (Abyss:1)
  8 ice beasts
  A black bear (D:6)
  7 ogres
  5 phantoms
  17 centaurs
  The ghost of Morgon the Chopper, an amateur GrBe of Trog (D:3)
  A crocodile (D:9)
  2 big kobolds
  The ghost of peteyfrogboy the Vexing, an amateur SpAM (D:3)
  9 bullfrogs
  A gnoll sergeant (D:11)
  A wyvern zombie (D:8)
  3 scorpions
  11 killer bees
  5 wights (D:8)
  6 crimson imps
  A bullfrog zombie (D:5)
  3 centaur zombies
  2 orc priests
  4 hounds
  6 jellies
  Crazy Yiuf (D:6)
  6 bullfrog skeletons
  A gnoll shaman (D:7)
  An iron imp (Abyss:1)
  Jessica (D:2)
  6 orc wizards
  3 iguanas
  Natasha (thrice) (D:3)
  5 worker ants
  Robin (D:2)
  8 gnolls
  7 adders
  2 shadow imps
  An adder zombie (D:7)
  An adder skeleton (D:5)
  A worm (D:2)
  4 leopard geckos
  16 orcs
  8 giant cockroaches
  21 goblins
  14 hobgoblins
  15 jackals
  3 quokkas
  3 ball pythons
  5 bats
  4 frilled lizards
  14 kobolds
  A quokka skeleton (D:6)
  A quokka zombie (D:5)
  2 rats
321 creatures vanquished.

Vanquished Creatures (others)
  A jackal skeleton (D:4)
1 creature vanquished.

Grand Total: 322 creatures vanquished

Notes
Turn   | Place    | Note
-------+----------+-------------------------------------------
     0 | D:1      | shmeve the Minotaur Berserker began the quest for the Orb.
     0 | D:1      | Reached XP level 1. HP: 19/19 MP: 0/0
   116 | D:1      | Reached XP level 2. HP: 27/27 MP: 1/1
   203 | D:1      | You fall into a shaft and drop 1 floor!
   204 | D:2      | Noticed Robin
   214 | D:2      | Reached ** piety under Trog
   217 | D:2      | Killed Robin
   217 | D:2      | Reached XP level 3. HP: 16/33 MP: 2/2
   987 | D:2      | Found a shimmering altar of Xom.
   987 | D:2      | Found a shimmering altar of Xom.
   987 | D:2      | Found a shimmering altar of Xom.
  1067 | D:2      | Noticed Jessica
  1076 | D:2      | Killed Jessica
  1076 | D:2      | Reached skill level 1 in Throwing
  1076 | D:2      | Reached XP level 4. HP: 41/41 MP: 3/3
  1116 | D:2      | Noticed Sigmund
  1121 | D:2      | Killed Sigmund
  1121 | D:2      | Reached skill level 5 in Fighting
  1121 | D:2      | Reached skill level 5 in Axes
  1121 | D:2      | Reached XP level 5. HP: 48/48 MP: 4/4
  1164 | D:2      | Found a shimmering altar of Xom.
  1645 | D:3      | Noticed Natasha
  1655 | D:3      | Killed Natasha
  1655 | D:3      | Reached XP level 6. HP: 24/56 MP: 5/5
  1657 | D:3      | Noticed Natasha
  1667 | D:3      | Killed Natasha
  1774 | D:3      | Noticed Natasha
  1782 | D:3      | Killed Natasha
  1789 | D:3      | Reached *** piety under Trog
  2067 | D:3      | Found a runed translucent gate.
  2069 | D:3      | Found a runed translucent gate.
  2069 | D:3      | Noticed Morgon's ghost (amateur GrBe)
  2069 | D:3      | Noticed khdinoboy's ghost (amateur TrFi)
  2069 | D:3      | Noticed peteyfrogboy's ghost (amateur SpAM)
  2069 | D:3      | Noticed Ludicrosity's ghost (amateur MiMo)
  2069 | D:3      | Noticed Icepheonix32's ghost (amateur TeAE)
  2070 | D:3      | Found a runed translucent gate.
  2083 | D:3      | Killed khdinoboy's ghost
  2085 | D:3      | Killed Icepheonix32's ghost
  2085 | D:3      | Reached XP level 7. HP: 53/63 MP: 6/6
  2085 | D:3      | Killed Ludicrosity's ghost
  2086 | D:3      | Killed Morgon's ghost
  2086 | D:3      | Killed peteyfrogboy's ghost
  2354 | D:3      | Found an iron altar of Okawaru.
  2567 | D:4      | Found a radiant altar of Vehumet.
  2588 | D:4      | Found Buachoecy's Antique Armour Emporium.
  2991 | D:4      | Found a staircase to the Ecumenical Temple.
  3000 | Temple   | Entered the Ecumenical Temple
  3201 | D:5      | Entered Level 5 of the Dungeon
  3226 | D:5      | Reached XP level 8. HP: 16/73 MP: 7/7
  3528 | D:5      | Found Pen Pann's Magic Scroll Shop.
  3536 | D:5      | Bought a scroll of remove curse for 36 gold pieces
  3536 | D:5      | Bought a scroll of identify for 24 gold pieces
  3536 | D:5      | Bought a scroll of identify for 24 gold pieces
  3536 | D:5      | Bought a scroll of teleportation for 36 gold pieces
  3566 | D:5      | Reached skill level 5 in Armour
  3648 | D:5      | Reached skill level 5 in Dodging
  3792 | D:5      | Reached skill level 1 in Shields
  3834 | D:5      | Reached skill level 2 in Shields
  3922 | D:5      | Reached **** piety under Trog
  4156 | D:6      | Reached skill level 3 in Shields
  4220 | D:6      | Reached skill level 4 in Shields
  4266 | D:6      | Reached skill level 5 in Shields
  4350 | D:6      | Reached XP level 9. HP: 80/80 MP: 8/8
  4377 | D:6      | Noticed Menkaure
  4387 | D:6      | Killed Menkaure
  4387 | D:6      | Reached skill level 6 in Shields
  4571 | D:6      | Reached skill level 7 in Shields
  4793 | D:6      | Found a runed translucent door.
  4794 | D:6      | Noticed Crazy Yiuf
  4937 | D:6      | Killed Crazy Yiuf
  5175 | D:7      | Reached skill level 8 in Shields
  5328 | D:7      | Reached skill level 9 in Shields
  6058 | D:8      | Noticed a gargoyle
  6082 | D:8      | Killed a gargoyle
  6342 | D:8      | Noticed Joseph
  6370 | D:8      | Killed Joseph
  6613 | D:8      | Reached XP level 10. HP: 73/90 MP: 9/9
  6620 | D:8      | Reached skill level 10 in Shields
  6790 | D:8      | Reached ***** piety under Trog
  7067 | D:8      | Found the +5 scythe "Finisher" {speed, eviscerate}
  7748 | D:9      | Noticed Erolcha
  7758 | D:9      | Killed Erolcha
  7758 | D:9      | Reached skill level 5 in Throwing
  7766 | D:9      | Received a gift from Trog
  8100 | D:9      | Noticed Maurice
  8118 | D:9      | Killed Maurice
  8118 | D:9      | Reached skill level 11 in Shields
  8118 | D:9      | Reached XP level 11. HP: 97/99 MP: 10/10
  8179 | D:9      | Paralysed by a crimson imp for 6 turns
  8418 | D:9      | Reached skill level 10 in Axes
  8421 | D:9      | Reached skill level 10 in Fighting
  9060 | D:10     | Entered Level 10 of the Dungeon
  9413 | D:10     | Noticed a two-headed ogre
  9418 | D:10     | Killed a two-headed ogre
  9728 | D:10     | Found a staircase to the Lair.
  9867 | D:10     | Received a gift from Trog
 10673 | D:11     | Reached skill level 12 in Shields
 10926 | D:11     | Noticed a two-headed ogre
 10932 | D:11     | Killed a two-headed ogre
 10990 | D:11     | Reached XP level 12. HP: 107/110 MP: 11/11
 11014 | D:11     | Found Coateuq's Armour Shop.
 11014 | D:11     | Noticed Josephine
 11021 | D:11     | Killed Josephine
 11110 | D:11     | Received a gift from Trog
 11302 | D:11     | Noticed Sonja
 12807 | D:11     | Cast into level 1 of the Abyss (Sonja)
 12918 | Abyss:1  | Noticed a tentacled starspawn
 12922 | Abyss:1  | HP: 1/112 [tentacled starspawn (6)]
 12923 | Abyss:1  | Slain by a tentacled starspawn

Levels and vault maps discovered:
D:1:      dpeg_arrival_tiny_a, layout_loops_ring, nrook_campfire,
          hangedman_abyss_or_decor_lesser_grid, grunt_decor_resistance,
          minmay_pentomino_t2
D:2:      layout_basic, xom_redecorated, uniq_robin, uniq_jessica, uniq_sigmund
D:3:      layout_rooms, gammafunk_ghost_cemetery, okawaru_altar_gauntlet_db,
          uniq_natasha
D:4:      layout_loops_ring, fiery_altar_vehumet, temple_hall, first_ration,
          serial_shops, nicolae_shop_statue_plus, kennysheep_generic_room_12
D:5:      layout_loops_ring, serial_shops, shop_fountains
D:6:      layout_rooms, uniq_crazy_yiuf_cottage, uniq_menkaure
D:7:      layout_basic
D:8:      layout_basic, grunt_livestock, minmay_guarded_unrand_finisher,
          uniq_joseph
D:9:      layout_loops_cross, uniq_maurice, uniq_erolcha
D:10:     layout_stronghold, erik_lair_dragon
D:11:     layout_grid_maze, serial_shops, shop, uniq_josephine, uniq_sonja
Temple:   kilobyte_greek_temple
Abyss:1:  base: D:2, minivault_25_ag

Skill      XL: |  1  2  3  4  5  6  7  8  9 10 11 12 |
---------------+-------------------------------------+-----
Fighting       | 4 5 6 7 8 9 11 | 11.9
Axes           | 4 5 6 7 8 9 11 | 11.9
Throwing       | 1 2 3 4 5 6 |  6.8
Armour         | 3 4 5 6 7 8 |  8.5
Dodging        | 3 4 5 6 7 |  7.9
Shields        | 5 9 11 12 | 12.8

Action                   |  1- 3 |  4- 6 |  7- 9 | 10-12 || total
-------------------------+-------+-------+-------+-------++-------
Melee: Hand axe          |    59 |    57 |   346 |    70 ||   532
       Headbutt          |    13 |    13 |    82 |   107 ||   215
       War axe           |       |       |       |   319 ||   319
       Unarmed           |       |       |       |     3 ||     3
       Broad axe         |       |       |       |    84 ||    84
Throw: Boomerang         |       |     6 |     6 |    33 ||    45
Invok: Berserk           |     1 |     3 |     1 |    10 ||    15
       Trog's Hand       |       |     2 |       |     5 ||     7
  Use: Scroll            |       |       |     3 |     5 ||     8
  Eat: Chunk             |     2 |     5 |    17 |    25 ||    49
       Ration            |       |       |       |     4 ||     4
Armor: Animal skin       |     8 |       |       |       ||     8
       Chain mail        |    20 |    39 |   158 |   183 ||   400
Dodge: Dodged            |    34 |    47 |   120 |   118 ||   319
Block: Shield            |       |       |    37 |    49 ||    86
       Large shield      |       |       |       |   442 ||   442
